 Dungeon Crawl Stone Soup version 0.15-a0-2151-gce93697 (webtiles) character file.

46840 Witcher the Slinger (level 14, -1/90 HPs)
             Began as an Octopode Wizard on July 19, 2014.
             Was the Champion of Sif Muna.
             Slain by a nine-headed hydra (3 damage)
             ... on Level 8 of the Lair of Beasts.
             The game lasted 03:19:24 (30133 turns).

Witcher the Slinger (Octopode Wizard)              Turns: 30133, Time: 03:19:24

HP  -1/90        AC 12     Str  9      XL: 14   Next: 39%
MP  27/31        EV 16     Int 23      God: Sif Muna [******]
Gold 1112        SH  0     Dex 13      Spells:  6 memorised, 19 levels left

rFire  . . .     SeeInvis +     b - +3 glaive (protect)
rCold  . . .     Clarity  .     (no shield)
rNeg   . . .     rCorr    .     A - +1 hat
rPois  .         rRot     .     E - amulet of rage
rElec  .         Spirit   .     e - +5 ring of protection
SustAb +         Warding  .     m - ring of see invisible
rMut   .         Stasis   .     L - +2 ring of strength
Gourm  .                        Z - +1 ring of strength
MR     +....                    v - ring of sustain abilities
                                (no ring)
                                (no ring)
                                (no ring)

@: repel missiles, somewhat resistant to hostile enchantments, quite stealthy
A: almost no armour, amphibious, 8 rings, constrict 8, tentacle spike 1,
camouflage 1, gelatinous body 1
a: Channel Energy, Forget Spell, Renounce Religion, Evoke Berserk Rage


You were on level 8 of the Lair of Beasts.
You worshipped Sif Muna.
Sif Muna was exalted by your worship.
You were not hungry.

You visited 3 branches of the dungeon, and saw 17 of its levels.
You also visited: Ossuary and Volcano.

You collected 1112 gold pieces.

Inventory:

Hand weapons
 a - a +2 hunting sling of freezing
 b - a +3 glaive of protection (weapon)
 T - the +3 short sword of Virtue {freeze, +Fly rF+ Curse}
   (You found it on level 4 of the Lair of Beasts)

   It has been specially enchanted to freeze those struck by it, causing extra
   injury to most foes and up to double damage against particularly susceptible
   opponents.
   It can also slow down cold-blooded creatures.
   It protects you from fire.
   It lets you fly.
   It may recurse itself when equipped.
 U - a +0 broad axe of venom
Missiles
 i - 349 stones (quivered)
 j - 88 sling bullets
 x - 12 poisoned sling bullets
 C - 9 sling bullets of flame
Armour
 r - a +0 buckler
 A - a +1 hat (worn)
Magical devices
 t - a wand of flame (6)
 B - a wand of digging (7)
 D - a wand of lightning (1)
 I - a wand of confusion (13)
 J - a wand of lightning (4)
 K - a wand of enslavement (5)
Comestibles
 d - 13 bread rations
 Q - 3 fruits
 S - 4 rotting chunks of yak flesh
 X - 5 chunks of yak flesh
Scrolls
 h - 2 scrolls of enchant armour
 k - 7 scrolls of remove curse
 l - 3 scrolls of recharging
 w - a scroll of fog
 y - 4 scrolls of teleportation
 G - a scroll of silence
 H - a scroll of summoning
 M - a scroll of noise
 P - a scroll of enchant weapon
 R - 2 scrolls of magic mapping
 V - 8 scrolls of identify
Jewellery
 e - a +5 ring of protection (left tentacle)
 m - a ring of see invisible (right tentacle)
 p - an uncursed amulet of stasis
 v - a ring of sustain abilities (on tentacle)
 E - an amulet of rage (around mantle)
 L - a +2 ring of strength (on tentacle)
 Z - a +1 ring of strength (on tentacle)
Potions
 f - a potion of confusion
 g - 2 potions of porridge
 n - 3 potions of heal wounds
 o - 2 potions of invisibility
 q - a potion of mutation
 s - a potion of cure mutation
 u - 5 potions of magic
 z - 3 potions of restore abilities
 F - a potion of brilliance
 N - 8 potions of curing
 O - a potion of berserk rage
 W - 2 potions of haste
Books
 c - Sif Muna's Guide on Black Rituals
   (Sif Muna gifted it to you on level 6 of the Lair of Beasts)

   Spells                             Type                      Level
   Simulacrum                         Ice/Necromancy               6
   Death's Door                       Charms/Necromancy            8


   Skills:
 + Level 6.2 Fighting
 + Level 6.6 Polearms
 + Level 10.5 Slings
 + Level 8.2 Dodging
 + Level 8.6 Stealth
 + Level 1.5 Unarmed Combat
 * Level 9.5 Spellcasting
 * Level 9.1 Conjurations
 + Level 1.4 Charms
   Level 1.0 Summonings
 * Level 6.8 Translocations
 + Level 1.6 Fire Magic
 * Level 8.8 Air Magic
 + Level 6.0 Poison Magic
 + Level 1.4 Invocations
 + Level 0.2 Evocations


You had 19 spell levels left.
You knew the following spells:

 Your Spells              Type           Power        Failure   Level  Hunger
a - Magic Dart            Conj           ####         1%          1    None
b - Blink                 Tloc           N/A          1%          2    None
c - Mephitic Cloud        Conj/Pois/Air  #####...     1%          3    None
d - Repel Missiles        Chrm/Air       ####..       1%          2    None
e - Conjure Flame         Conj/Fire      #####...     1%          3    None
f - Swiftness             Chrm/Air       ####....     1%          2    None


Dungeon Overview and Level Annotations

Branches:
Dungeon (8/15)             Temple (1/1) D:7            Lair (8/8) D:8
  Swamp (0/5) Lair:3        Snake (0/5) Lair:5        Slime (0/6) Lair:6

Altars:
Cheibriados
Dithmenos
Elyvilon
Gozag
Nemelex Xobeh
Okawaru
Sif Muna
Trog

Shops:
D:4 !


Innate Abilities, Weirdness & Mutations

You cannot wear most types of armour.
You are amphibious.
You can wear up to eight rings at the same time.
You can use your tentacles to constrict many enemies at once.
Your skin changes colour to match your surroundings (Stealth).
Your rubbery body absorbs attacks (AC +1).
One of your tentacles bears a spike.


Message History

Confirm with . or Enter, or press ? or * to list all spells.
Aiming: Magic Dart
Press: ? - help, Shift-Dir - straight line, f/p - nine-headed hydra
Aim: a nine-headed hydra (flame, heavily wounded)
The magic dart hits the nine-headed hydra.
The nine-headed hydra is severely wounded.
The nine-headed hydra is engulfed in roaring flames.
The nine-headed hydra bites you!
* * * LOW HITPOINT WARNING * * *
The nine-headed hydra bites you.
* * * LOW HITPOINT WARNING * * *
The nine-headed hydra bites you!
* * * LOW HITPOINT WARNING * * *
The nine-headed hydra barely misses you.
The nine-headed hydra bites you but does no damage.
The nine-headed hydra barely misses you.
The nine-headed hydra bites you.
* * * LOW HITPOINT WARNING * * *
The nine-headed hydra bites you.
You die...

...........# #...##
##.....#
...........# #...P#
#PP...#
.##.##....##
##..P## #....##
.###.......# #...##
##PP..##
.#.##.P....###P...#
#.....#.
..##.##.....###...#
###.....
.#####.....####...#
#....# .P#
##.....##....##
#..... .P#
#.....####.@..#
##..... .## #.....#
##D#.# ##...... .#
##k...#####...#
#..P...# .#
#.......##..P##
##...... .##
##..D........####
#.....# ..#
#P........P..##.#
##..... ..#
###.....P.#....##
#.#.... .##
##..P..##....##
##....# #.#
##............#
#......


You could see a nine-headed hydra.

Vanquished Creatures
  6 hydras
  11 death yaks
  A fire crab (Lair:8)
  Pikel (D:5)
  A lindwurm (Volcano)
  3 griffons
  8 elephants
  6 black mambas
  14 spiny frogs
  9 komodo dragons
  2 fire drakes
  4 polar bears
  A giant leech (Lair:3)
  15 blink frogs
  2 basilisks
  A spriggan (Lair:4)
  38 yaks
  4 fire bats (Volcano)
  17 water moccasins
  12 hippogriffs
  2 mottled dragons (Volcano)
  4 swamp worms (Lair:3)
  4 orc warriors
  16 porcupines
  9 wolves
  6 ogres
  2 slaves (D:5)
  6 black bears
  An ice beast (D:7)
  A boring beetle (Lair:5)
  A yellow wasp (Lair:5)
  Duvessa (D:6)
  10 crocodiles
  4 centaurs
  Blork the orc (D:5)
  A komodo dragon zombie (D:8)
  3 elf zombies (Ossuary)
  8 giant frogs
  A scorpion (D:4)
  A lava snake (D:8)
  3 crimson imps
  Dowan (D:6)
  4 electric eels
  A quasit (D:8)
  3 goliath beetles (D:8)
  7 hounds
  A human zombie (Ossuary)
  5 jellies
  3 orc priests
  7 orc wizards
  2 centaur zombies (Ossuary)
  4 worker ants
  5 iguanas
  30 sheep
  An ogre zombie (D:5)
  Ijyb (D:5)
  A big kobold zombie (Ossuary)
  An ogre skeleton (D:7)
  2 mummies (Ossuary)
  54 green rats
  32 adders
  2 giant mites
  A shadow imp (D:6)
  2 worms (D:3)
  An adder zombie (Ossuary)
  An iguana zombie (D:7)
  2 adder skeletons
  An iguana skeleton (D:4)
  7 giant geckos
  33 orcs
  2 giant cockroaches
  12 hobgoblins
  7 jackals (D:1)
  11 kobolds
  15 quokkas
  A ball python (D:5)
  12 bats
  3 giant newts
  13 goblins
  A goblin skeleton (D:4)
  A hobgoblin skeleton (D:5)
  13 hobgoblin zombies (Ossuary)
  A kobold skeleton (D:5)
  8 kobold zombies (Ossuary)
  An orc skeleton (D:5)
  8 orc zombies (Ossuary)
  16 rats
  4 fungi
  A plant (Lair:8)
586 creatures vanquished.

Vanquished Creatures (others)
  Crazy Yiuf (D:5)
  A bat (D:8)
  A rat (D:5)
  3 bushes (Lair:8)
  24 fungi
  8 plants
38 creatures vanquished.

Grand Total: 624 creatures vanquished

Notes
Turn   | Place    | Note
--------------------------------------------------------------
     0 | D:1      | Witcher, the Octopode Wizard, began the quest for the Orb.
     0 | D:1      | Reached XP level 1. HP: 11/11 MP: 4/4
   275 | D:1      | Reached XP level 2. HP: 17/17 MP: 4/6
   293 | D:1      | Learned a level 2 spell: Blink
   296 | D:1      | Learned a level 2 spell: Repel Missiles
   681 | D:1      | Reached XP level 3. HP: 22/22 MP: 5/8
   686 | D:1      | Learned a level 3 spell: Mephitic Cloud
  1576 | D:2      | Reached XP level 4. HP: 24/27 MP: 3/10
  1666 | D:2      | Reached skill level 1 in Fighting
  1666 | D:2      | Reached skill level 1 in Unarmed Combat
  2396 | D:3      | Reached skill level 1 in Poison Magic
  2668 | D:2      | Reached XP level 5. HP: 25/33 MP: 5/11
  2743 | D:2      | Found an opulent altar of Gozag.
  4063 | D:4      | Found a sand-covered staircase.
  4068 | Ossuary  | Entered an ossuary
  4114 | Ossuary  | Learned a level 3 spell: Conjure Flame
  4159 | Ossuary  | Reached XP level 6. HP: 38/38 MP: 14/14
  4243 | Ossuary  | Reached skill level 1 in Slings
  4280 | Ossuary  | Noticed Samadhi's ghost (average OpAs)
  4287 | Ossuary  | Reached skill level 4 in Spellcasting
  4482 | Ossuary  | Reached XP level 7. HP: 43/43 MP: 17/17
  5824 | D:4      | Found Kleen's Distillery.
  5871 | D:5      | Entered Level 5 of the Dungeon
  5874 | D:5      | Noticed Blork the orc
  5917 | D:5      | Killed Blork the orc
  5917 | D:5      | Reached skill level 1 in Air Magic
  5984 | D:5      | Noticed Ijyb
  5992 | D:5      | Killed Ijyb
  6023 | D:5      | Reached XP level 8. HP: 50/50 MP: 12/18
  6296 | D:5      | Noticed Pikel
  6310 | D:5      | Killed Pikel
  6390 | D:5      | Killed Crazy Yiuf
  7069 | D:6      | Found an opulent altar of Gozag.
  7144 | D:6      | Reached XP level 9. HP: 56/56 MP: 13/20
  7262 | D:6      | Reached skill level 5 in Stealth
  7369 | D:6      | Noticed Duvessa
  7369 | D:6      | Noticed Dowan
  7382 | D:6      | Killed Duvessa
  7385 | D:6      | Killed Dowan
  7449 | D:6      | Found an iron altar of Okawaru.
  7451 | D:6      | Found a bloodstained altar of Trog.
  7666 | D:7      | Reached skill level 5 in Slings
  8420 | D:7      | Found a staircase to the Ecumenical Temple.
  8430 | Temple   | Entered the Ecumenical Temple
  8439 | Temple   | Became a worshipper of Sif Muna the Loreminder
  8610 | D:7      | Reached skill level 6 in Stealth
  8621 | D:7      | Reached skill level 5 in Spellcasting
  9160 | D:7      | Reached skill level 5 in Dodging
  9630 | D:8      | Learned a level 2 spell: Swiftness
  9752 | D:8      | Reached XP level 10. HP: 65/65 MP: 19/22
  9807 | D:8      | Found a staircase to the Lair.
  9895 | D:8      | Found a snail-covered altar of Cheibriados.
  9900 | D:8      | Acquired Sif Muna's first power
 11029 | Lair:1   | Entered Level 1 of the Lair of Beasts
 11772 | Lair:1   | Reached skill level 7 in Stealth
 11831 | Lair:1   | Noticed a six-headed hydra
 12034 | Lair:1   | Noticed a four-headed hydra
 12055 | Lair:1   | Killed a four-headed hydra
 12128 | Lair:1   | Acquired Sif Muna's second power
 12128 | Lair:1   | Reached skill level 5 in Conjurations
 12300 | Lair:1   | Noticed a seven-headed hydra
 12331 | Lair:1   | Reached XP level 11. HP: 70/70 MP: 21/25
 12354 | Lair:1   | Killed a seven-headed hydra
 12354 | Lair:1   | Reached skill level 1 in Fire Magic
 12354 | Lair:1   | Reached skill level 5 in Air Magic
 12943 | Lair:1   | Noticed a black mamba
 12951 | Lair:1   | Killed a black mamba
 12951 | Lair:1   | Reached skill level 5 in Poison Magic
 13052 | Lair:1   | Killed a six-headed hydra
 13052 | Lair:1   | Reached skill level 5 in Polearms
 13052 | Lair:1   | Reached skill level 8 in Slings
 13183 | Lair:2   | Reached skill level 5 in Fighting
 15622 | Lair:3   | Reached XP level 12. HP: 72/77 MP: 22/27
 16004 | Lair:3   | Found a staircase to the Swamp.
 16772 | Lair:3   | Noticed a five-headed hydra
 16793 | Lair:3   | Killed a five-headed hydra
 16793 | Lair:3   | Acquired Sif Muna's third power
 16793 | Lair:3   | Reached skill level 9 in Slings
 17301 | Lair:4   | Got an encrusted short sword
 17302 | Lair:4   | Identified the +3 short sword of Virtue {freeze, +Fly rF+ Curse} (You found it on level 4 of the Lair of Beasts)
 17320 | Lair:4   | Found a dark tunnel.
 17344 | Volcano  | Entered a volcano
 17385 | Volcano  | Found a radiant altar of Vehumet.
 18333 | Lair:4   | Noticed a death yak
 18333 | Lair:4   | Noticed a death yak
 18353 | Lair:4   | Noticed a death yak
 18354 | Lair:4   | Noticed a death yak
 18356 | Lair:4   | Noticed a death yak
 18360 | Lair:4   | Killed a death yak
 18592 | Lair:4   | Killed a death yak
 19901 | Lair:4   | Reached XP level 13. HP: 44/82 MP: 8/29
 19982 | Lair:4   | Reached skill level 1 in Invocations
 20431 | Lair:5   | Found a staircase to the Snake Pit.
 22052 | Lair:5   | Reached skill level 5 in Translocations
 22915 | Lair:6   | Reached skill level 1 in Charms
 23650 | Lair:6   | Received a gift from Sif Muna
 23651 | Lair:6   | Identified Sif Muna's Guide on Black Rituals (Sif Muna gifted it to you on level 6 of the Lair of Beasts)
 23806 | Lair:6   | Found a staircase to the Slime Pits.
 26651 | Lair:8   | Entered Level 8 of the Lair of Beasts
 26657 | Lair:8   | Gained mutation: One of your tentacles bears a spike. [potion of beneficial mutation]
 27316 | Lair:8   | Reached XP level 14. HP: 84/89 MP: 22/31
 27359 | Lair:8   | Reached skill level 10 in Slings
 30133 | Lair:8   | HP: 2/90 [nine-headed hydra (5)]
 30133 | Lair:8   | Slain by a nine-headed hydra

Action                   |  1- 3 |  4- 6 |  7- 9 | 10-12 | 13-15 || total
-------------------------+-------+-------+-------+-------+-------++-------
Melee: Unarmed           |    39 |    59 |    22 |       |       ||   120
       Glaive            |       |       |   168 |   428 |   496 ||  1092
       Hunting sling     |       |       |       |     1 |       ||     1
 Fire: Hunting sling     |       |   121 |   193 |   426 |   361 ||  1101
 Cast: Magic Dart        |    67 |    68 |    78 |   145 |   100 ||   458
       Repel Missiles    |     1 |       |       |       |       ||     1
       Mephitic Cloud    |       |     1 |    23 |    70 |   101 ||   195
       Conjure Flame     |       |     2 |     2 |    22 |    18 ||    44
       Swiftness         |       |       |       |     8 |    24 ||    32
       Blink             |       |       |       |    11 |     3 ||    14
Invok: Channel Energy    |       |       |       |    19 |     6 ||    25
Evoke: Wand              |       |       |     6 |       |     2 ||     8
  Use: Scroll            |     2 |     9 |     8 |     8 |     5 ||    32
       Potion            |       |       |     3 |     7 |     3 ||    13
 Stab: Confused          |       |     1 |    10 |    29 |    37 ||    77
       Sleeping          |       |       |     5 |    11 |     6 ||    22
       Distracted        |       |       |     1 |       |     1 ||     2
       Petrified         |       |       |       |       |     2 ||     2
  Eat: Chunk             |     2 |     4 |    18 |    36 |    28 ||    88
       Bread ration      |       |     1 |       |       |     1 ||     2
       Beef jerky        |       |       |     1 |       |     1 ||     2
